 Dungeon Crawl Stone Soup version 0.16-a0-231-g3d5c238 (webtiles) character file.

62 Ololoev the Chopper (level 4, -5/39 HPs)
             Began as a Hill Orc Chaos Knight on Aug 21, 2014.
             Was a Plaything of Xom.
             Killed from afar by a fire drake (17 damage)
             ... with a blast of flame
             ... on Level 2 of the Dungeon.
             The game lasted 00:06:56 (1364 turns).

Ololoev the Chopper (Hill Orc Chaos Knight)         Turns: 1364, Time: 00:06:57

HP  -5/39        AC  5     Str 14      XL: 4   Next:  8%
MP   4/4         EV 10     Int 12      God: Xom
Gold 72          SH  0     Dex 11      Spells:  0 memorised,  3 levels left

rFire  . . .     SeeInvis .     a - +0 hand axe (chaos)
rCold  . . .     Clarity  .     b - +2 leather armour
rNeg   . . .     rCorr    .     (no shield)
rPois  .         rRot     .     (no helmet)
rElec  .         Spirit   .     (no cloak)
SustAb .         Warding  .     (no gloves)
rMut   .         Stasis   .     (no boots)
Gourm  .                        (no amulet)
MR     .....                    (no ring)
                                (no ring)

@: not resistant to hostile enchantments, very unstealthy
A: no striking features
a: Renounce Religion


You were on level 2 of the Dungeon.
You worshipped Xom.
You were a very special plaything of Xom.
You were hungry.

You visited 1 branch of the dungeon, and saw 2 of its levels.

You collected 72 gold pieces.

Inventory:

Hand weapons
 a - a +0 hand axe of chaos (weapon)
Armour
 b - a +2 leather armour (worn)
 e - a +0 helmet
Comestibles
 c - a meat ration
Scrolls
 d - a scroll of remove curse
Potions
 h - a potion of agility


   Skills:
 - Level 3.6 Fighting
 + Level 6.4 Axes
 - Level 2.1 Armour
 - Level 0.7 Dodging


You had 3 spell levels left.
You didn't know any spells.

Dungeon Overview and Level Annotations

Branches:
Dungeon (2/15)

Altars:
Elyvilon
Fedhas
Gozag
Qazlal


Message History

* * * LOW HITPOINT WARNING * * *
You barely miss the fire drake.
The fire drake is severely wounded.
The fire drake bites you but does no damage.
Drink which item? (? for menu, Esc to quit)
Okay, then.
You are too injured to fight recklessly!
You closely miss the fire drake.
The fire drake is severely wounded.
The fire drake closely misses you.
You completely miss the fire drake.
The fire drake is severely wounded.
The fire drake bites you but does no damage.
You barely miss the fire drake.
The fire drake is severely wounded.
The fire drake barely misses you. The fire drake breathes flames at you.
The blast of flame hits you!
You die...
Xom snickers!

^ยง#.^ #.###..#........#
.^(..##.##...#........#
......#.........#.#####
.^.........)...##.##
..##.#.........##..## #โ‰ˆ
#.........##...## #
#.........#.....#
#.....#.#.#.....#
#.....##....@k...#
#.#.#.#..#..#...##
#.#.....##.....###
..###...###..#...### .
............#..>##
#####.#####..%).#...#
#...................# #
#.........##'##.....#
..#........##โ‰ˆ.โ‰ˆ##....##


You could see a fire drake.

Vanquished Creatures
  2 adders (D:2)
  A worm (D:2)
  3 giant geckos
  9 bats
  A giant cockroach (D:1)
  4 hobgoblins (D:1)
  2 jackals (D:1)
  3 kobolds (D:1)
  2 giant newts
  4 goblins
  5 rats (D:1)
36 creatures vanquished.

Notes
Turn   | Place    | Note
--------------------------------------------------------------
     0 | D:1      | Ololoev, the Hill Orc Chaos Knight, began the quest for the Orb.
     0 | D:1      | Reached XP level 1. HP: 19/19 MP: 1/1
     6 | D:1      | XOM: divination: magic mapping
    76 | D:1      | Reached XP level 2. HP: 26/26 MP: 2/2
   135 | D:1      | XOM: harmless Conj miscast
   205 | D:1      | XOM: divination: detect creatures
   238 | D:1      | Reached skill level 5 in Axes
   487 | D:1      | Reached XP level 3. HP: 20/31 MP: 3/3
   636 | D:1      | XOM: god gift: 8 bolts of flame
   663 | D:1      | XOM: enchant monster (good)
   823 | D:2      | Found a white marble altar of Elyvilon.
   823 | D:2      | Found a blossoming altar of Fedhas.
   823 | D:2      | Found an opulent altar of Gozag.
   847 | D:2      | Reached skill level 6 in Axes
  1013 | D:2      | XOM: summons 3 friendly demons
  1019 | D:2      | Reached XP level 4. HP: 35/39 MP: 4/4
  1120 | D:2      | Found a stormy altar of Qazlal.
  1138 | D:2      | XOM is BORED!
  1138 | D:2      | XOM: 6-stop teleportation journey
  1226 | D:1      | XOM: divination: detect creatures
  1358 | D:2      | Noticed a fire drake
  1358 | D:2      | a worm changed into a fire drake
  1359 | D:2      | XOM: blink monster(s)
  1364 | D:2      | Killed from afar by a fire drake

Action                   |  1- 3 |  4- 6 || total
-------------------------+-------+-------++-------
Melee: Hand axe          |   114 |    19 ||   133
  Use: Potion            |     3 |     3 ||     6
       Scroll            |       |     3 ||     3
 Stab: Sleeping          |     1 |       ||     1
       Petrifying        |     1 |       ||     1
  Eat: Chunk             |     1 |       ||     1
